Cogmind - Beta 15 @@@ ROGUE MODE // 2025.05.21 @ 18:20:10 Player: jumpy Result: Destroyed by D-53 Grenadier with Mini Grenade Launcher Performance ------------- Evolutions (0) 0 Regions Visited (2) 400 Robots Destroyed (29) 145 Value Destroyed (580) 580 Prototype IDs (0) 0 Alien Tech Used (0) 0 Bonus (-40) -40 TOTAL SCORE: 1085 Bonus ------- Friendly Fire -40 Cogmind --------- Core Integrity 0/250 Matter 175/300 Energy 154/160 System Corruption 2% Temperature Cool (0) Movement Treading (160) Location -10/Mines Parts ------- > --- POWER (1) -------- Light Nuclear Core > --- PROPULSION (2) --- Light Treads Light Treads > --- UTILITY (2) ------ Large Storage Unit > --- WEAPON (2) ------- Beam Cannon Shotgun > --- INVENTORY (15) --- Ion Engine Light Treads Compact Wheel Sensor Array Improved Terrain Scanner Hacking Suite EM Pulse Gun Medium Laser Medium Laser Shotgun Shotgun Grenade Launcher Mining Laser Plasma Cutter Peak State ------------ > --- POWER ------------ Light Nuclear Core > --- PROPULSION ------- Light Treads Light Treads > --- UTILITY ---------- Large Storage Unit Seismic Detector > --- WEAPON ----------- Medium Laser Shotgun > --- INVENTORY -------- Light Ion Engine Light Treads Wheel Compact Wheel Improved Terrain Scanner Hacking Suite EM Pulse Gun Medium Laser Small Laser Small Laser Shotgun Shotgun Shotgun Grenade Launcher Plasma Cutter [Rating: 12] Favorites ----------- Power Ion Engine Engine Ion Engine Power Core Light Nuclear Core Propulsion Light Treads Treads Light Treads Utility Large Storage Unit Device Seismic Detector Storage Large Storage Unit Weapon Medium Laser Energy Gun Medium Laser Energy Cannon Beam Cannon Ballistic Gun Assault Rifle Launcher Grenade Launcher Special Weapon Plasma Cutter Build | -11 -10 -10 ------- Run | Yrd Mat Min Slots Evolved . | . . . Power . | . . . Propulsion . | . . . Utility . | . . . Weapon . | . . . Parts Attached 20 | 7 10 3 Power 3 | 1 2 . Engine 2 | 1 1 . Core 1 | . 1 . Reactor . | . . . Propulsion 4 | 2 2 . Treads 4 | 2 2 . Leg . | . . . Wheel . | . . . Hover . | . . . Flight . | . . . Utility 4 | 2 2 . Device 2 | 1 1 . Storage 2 | 1 1 . Processor . | . . . Hackware . | . . . Protection . | . . . Artifact . | . . . Weapon 9 | 2 4 3 Energy Gun 3 | 1 2 . Energy Cannon 1 | . . 1 Ballistic Gun 3 | 1 1 1 Ballistic Cannon . | . . . Launcher 1 | . . 1 Special Weapon 1 | . 1 . Impact Weapon . | . . . Slashing Weapon . | . . . Piercing Weapon . | . . . Special Melee Weapon . | . . . Unidentified Prototypes . | . . . Parts Lost 5 | . 4 1 Power 1 | . 1 . Propulsion 1 | . . 1 Utility 2 | . 2 . Weapon 1 | . 1 . Highest Loss Streak 1 | . 1 1 To Critical Strikes . | . . . Average Backups 9 | 4 9 15 Power . | . . 1 Propulsion 2 | 1 2 3 Utility 2 | . 2 3 Weapon 3 | . 4 7 Tool/Special . | . . . Unused Backups 11 | . 3 8 Power . | . . . Propulsion 2 | . 1 1 Utility 3 | . . 3 Weapon 6 | . 2 4 Tool/Special . | . . . Average Slot Usage (%) 95 | . 96 82 Engine 10 | . 10 . Core 2 | . 2 14 Treads 27 | . 28 25 Device 11 | . 11 . Storage 14 | . 14 14 Energy Gun 13 | . 13 2 Ballistic Gun 14 | . 14 14 Peak Build Rating 12 | 7 12 11 Average Rating 8 | 5 8 10 On Entrance 6 | . 7 11 Naked Turns . | . . . Heaviest Build 31 | 15 31 31 Greatest Support 40 | 40 40 40 Greatest Overweight (x) 1 | . . 1 Average Overweight (x) . | . . . Largest Inventory Capacity 15 | 8 15 15 Average Capacity 13 | 7 14 15 Most Carried 15 | 6 15 15 Average Carried 9 | 4 9 14 Final Capacity 15 | 8 15 15 Final Carried 15 | 6 15 14 Class Distribution -------------------- 100% | Mutant Dominant Class ---------------- Mutant | -10/Materials Mutant | -10/Mines Resources | -11 -10 -10 ----------- Run | Yrd Mat Min Matter Collected 666 | 275 391 . Remotely . | . . . Salvage Created 855 | 136 706 13 Parts 63 | 21 42 . Haulers Intercepted 2 | . 2 . Recyclers Shooed 2 | . 2 . Parts Field Recycled . | . . . Retrieved Matter . | . . . Parts Self-Destructed . | . . . Prevented . | . . . Kills | -11 -10 -10 ------- Run | Yrd Mat Min Combat Hostiles Destroyed 33 | . 18 15 Guns 18 | . 18 . AOE 15 | . . 15 Classes Destroyed 8 | 2 5 1 Builder 1 | . 1 . Tunneler 6 | 6 . . Hauler 2 | . 2 . Recycler 1 | 1 . . Operator 1 | . 1 . Swarmer 6 | . 6 . Grunt 12 | . 12 . Assembled 15 | . . 15 Best Kill Streak 15 | 3 8 15 Combat Bots Only 15 | . 7 15 Max Kills in Single Turn 4 | 1 1 4 Gunslinging . | . . . Exploded 4 | . . 4 Melee . | . . . Uniques/NPCs Destroyed . | . . . Combat | -11 -10 -10 -------- Run | Yrd Mat Min Hostile Shots Fired 90 | . 71 19 Missed 22 | . 17 5 Hits 68 | . 54 14 Projectile 68 | . 54 14 AOE 5 | . . 5 Critical Strikes 1 | . 1 . Damage Taken 1000 | . 639 361 Core 254 | . 124 130 Absorbed by Shields . | . . . Core Remaining (%) 100 | 100 . . Volleys Fired 94 | 15 69 10 Largest 2 | 2 2 1 Hottest 73 | 70 73 60 Shots Fired 168 | 30 128 10 Gun 157 | 30 127 . Cannon 1 | . . 1 Launcher 9 | . . 9 Special 1 | . 1 . Kinetic 83 | 15 68 . Thermal 76 | 15 60 1 Explosive 9 | . . 9 Electromagnetic . | . . . Robot Hit Streak 11 | 5 11 1 Robot Miss Streak 4 | 4 3 2 Penetration Max . | . . . Secondary Targets 1 | . 1 . Max Gunslinging Chain 1 | . 1 . Shots Hit Robots 104 | 15 88 1 Core Hits 77 | 8 38 31 Critical Kills . | . . . Critical Parts Destroyed 1 | . 1 . Critical Strikes 5 | 1 4 . Burn 4 | 1 3 . Destroy 1 | . 1 . Melee Attacks . | . . . Impact . | . . . Slashing . | . . . Piercing . | . . . Sneak Attacks . | . . . Combat Hostiles . | . . . Follow-up Attacks . | . . . Damage Inflicted 2689 | 199 1186 1304 Guns 1379 | 199 1180 . Cannons . | . . . Explosions 1304 | . . 1304 Melee . | . . . Ramming 6 | . 6 . Kinetic 745 | 75 670 . Thermal 634 | 124 510 . Explosive 1304 | . . 1304 Electromagnetic . | . . . Impact . | . . . Slashing . | . . . Piercing . | . . . Highest Corruption 2 | . 2 2 Average Corruption 2 | . 2 2 Corruption Purged . | . . . Corruption Blocked . | . . . Effects 10 | . 10 . Message Errors 3 | . 3 . Matter Fused 3 | . 3 . Energy Discharges 1 | . 1 . Parts Rejected 1 | . 1 . Data Loss (minor) 1 | . 1 . Misfires 1 | . 1 . Overload Shots . | . . . Overflow Damage 64 | . . 64 Projectiles . | . . . Explosions 64 | . . 64 Melee . | . . . Knockbacks . | . . . Impact . | . . . Kinetic . | . . . Secondary . | . . . Self-Inflicted Damage 19 | . . 19 Shots 3 | . . 3 Rammed 2 | . 2 . Targets Rammed 2 | . 2 . Kicked . | . . . Crushed . | . . . Highest Temperature 126 | 27 126 24 Average Temperature 33 | 9 38 14 Received Heat Transfer 327 | . 327 . Siege Activations . | . . . Martial Activations . | . . . Shielding Activations . | . . . Robots Disrupted . | . . . Combat Hostiles . | . . . Robots Corrupted . | . . . Combat Hostiles . | . . . Parts Fried . | . . . Impact Corruptions . | . . . Robots Melted . | . . . Combat Hostiles . | . . . Parts Melted 6 | 1 5 . Heat Transferred 2183 | 444 1739 . Parts Sabotaged . | . . . Parts Stolen . | . . . Parts Stripped . | . . . Power Chain Reactions . | . . . Alert | -11 -10 -10 ------- Run | Yrd Mat Min Maximum Alert Level 1 | . 1 . Low Security (%) 93 | 100 91 100 Level 1 6 | . 8 . Level 2 . | . . . Level 3 . | . . . Level 4 . | . . . Level 5 . | . . . High Security . | . . . Max Security . | . . . Peak Influence 233 | 10 233 41 Initial 17 | . . 17 Average 75 | . 91 31 Influence Increases 559 | 35 493 31 Destroy 0b10 Robot/C 360 | . 360 . Destroy 0b10 Robot/NC 55 | 35 20 . Destroy Leader 84 | . 84 . Successful Hack 13 | . 13 . Destroy Structure 32 | . 1 31 Lose Combat Pursuer 15 | . 15 . Influence Decreases 541 | 35 448 58 Entered New Map 28 | . . 28 Time Decay 463 | 35 408 20 Lost Part 50 | . 40 10 Squads Dispatched 3 | . 3 . Investigation 1 | . 1 . Extermination . | . . . Reinforcement 2 | . 2 . Assault . | . . . Garrison . | . . . Intercept . | . . . Searches Triggered . | . . . Construction Impeded . | . . . Haulers Reinforced . | . . . Active Scanning Responses . | . . . Cargo Convoy Interrupts . | . . . Stealth | -11 -10 -10 --------- Run | Yrd Mat Min Distress Signals 3 | . 3 . Communications Jammed . | . . . Distress Signals . | . . . Times Spotted 57 | . 37 20 Peak Tracking Total 20 | . 5 20 Tactical Retreats 1 | . 1 . Traps | -11 -10 -10 ------- Run | Yrd Mat Min Traps Triggered 2 | . 2 . Indirectly . | . . . Trap Hack Attempts . | . . . Triggered . | . . . Disarmed . | . . . Reprogrammed . | . . . Reused . | . . . Traps Extracted . | . . . Installed . | . . . Triggered . | . . . Machines | -11 -10 -10 ---------- Run | Yrd Mat Min Machines Disabled . | . . . Max in Single Turn . | . . . Machines Repaired . | . . . Machines Dismantled . | . . . Machines Sabotaged . | . . . Overloaded Fab Kills . | . . . Hacking | -11 -10 -10 --------- Run | Yrd Mat Min Machines Accessed 4 | . 4 . Terminals 4 | . 4 . Fabricators . | . . . Repair Stations . | . . . Recycling Units . | . . . Scanalyzers . | . . . Garrison Access . | . . . Total Hacks 6 | . 6 . Successful 6 | . 6 . Failed . | . . . Catastrophic . | . . . Database Lockouts . | . . . Manual 5 | . 5 . Terminals 6 | . 6 . Fabricators . | . . . Repair Stations . | . . . Recycling Units . | . . . Scanalyzers . | . . . Garrison Access . | . . . Terminal Hacks 1 | . 1 . Robot Analysis 1 | . 1 . Fabricator Hacks . | . . . Repair Station Hacks . | . . . Recycling Unit Hacks . | . . . Scanalyzer . | . . . Garrison Access Hacks . | . . . Unauthorized Hacks 4 | . 4 . Terminals 4 | . 4 . Skim 4 | . 4 . Fabricators . | . . . Repair Stations . | . . . Recycling Units . | . . . Scanalyzers . | . . . Garrison Access . | . . . Data Cores Recovered 1 | . 1 . Used . | . . . Hacking Detections 1 | . 1 . Full Trace Events . | . . . Feedback Events . | . . . Feedback Blocked . | . . . Robot Schematics Acquired . | . . . Robots Built . | . . . Authchips . | . . . Time . | . . . Total Robot Build Rating . | . . . Part Schematics Acquired . | . . . Parts Built . | . . . Authchips . | . . . Time . | . . . Total Part Build Rating . | . . . Parts Repaired . | . . . Time . | . . . Parts Recycled . | . . . Recycled Matter . | . . . Retrieved Matter . | . . . Retrieved Components . | . . . Parts Scanalyzed . | . . . Part Schematics Acquired . | . . . Parts Damaged . | . . . Bothacking | -11 -10 -10 ------------ Run | Yrd Mat Min Used RIF Installer . | . . . Robots Hacked . | . . . Non-combat . | . . . Combat . | . . . Robot Hacks Applied . | . . . Relay Couplers Released . | . . . Fabnet Peak Effective % . | . . . Robots Rewired . | . . . Allies Hacked . | . . . Hacks Repelled . | . . . Allies | -11 -10 -10 -------- Run | Yrd Mat Min Total Allies . | . . . Largest Group . | . . . Highest-Rated Group . | . . . Highest-Rated Ally . | . . . Total Orders . | . . . Ally Attacks . | . . . Total Damage . | . . . Kills . | . . . Allies Corrupted . | . . . Allies Melted . | . . . Intel | -11 -10 -10 ------- Run | Yrd Mat Min Active Infowar (turns) 1213 | 40 1173 . Seismic 1213 | 40 1173 . Robot Analysis Total 1 | . 1 . Derelict Logs Recovered . | . . . Drone Launches . | . . . Drone Recoveries . | . . . Exploration | -11 -10 -10 ------------- Run | Yrd Mat Min Turns Passed 1760 | 281 1428 51 Spaces Moved 812 | 139 658 15 Core 2 | 2 . . Treads 810 | 137 658 15 Legs . | . . . Wheels . | . . . Hover . | . . . Flight . | . . . Fastest Speed 50 | 50 160 160 Average Speed 159 | 158 160 165 Slowest Speed 240 | 160 160 240 Overloaded Moves . | . . . Propulsion Burnouts . | . . . Robots Hopped . | . . . Potential Cave-ins . | . . . Cave-ins Triggered . | . . . Exploration Rate (%) 34 | 8 86 9 Regions Visited 2 Branch Regions 1 Pre-discovered Areas . | . . . Known Exits Taken . | . . . Unknown Exits Taken 2 | 1 1 . Scrap Searched . | . . . Spaces Dug . | . . . Terrain Destroyed 40 | . . 40 Melee . | . . . Projectile . | . . . AOE 40 | . . 40 Terrain Rammed . | . . . Walls Destroyed . | . . . Machines Disabled . | . . . Actions | -11 -10 -10 --------- Run | Yrd Mat Min Total 1100 | 166 905 29 Wait 141 | . 141 . Move 810 | 138 657 15 Hop . | . . . Pick Up 21 | 6 15 . Fast Attach 8 | 7 1 . Attach 4 | . 3 1 Detach . | . . . Swap 12 | . 9 3 Drop 8 | . 8 . Fire 94 | 15 69 10 Melee . | . . . Ram . | . . . Kick . | . . . Crush 2 | . 2 . Escape Stasis . | . . . Rewire . | . . . Trap . | . . . Miscellaneous . | . . . Route ------- -11/Scrapyard -10/Materials (discovered 6 exits: [*Mat x3] / [*Min x2] / [*Sub]) -10/Mines History --------- Turn | Location | Event 10 | -11/Scrapyard | Discovered new exit (range 16) 282 | -11/Scrapyard | Entered Materials 321 | -10/Materials | Build established: Mutant 322 | -10/Materials | Discovered new exit (range 4) 466 | -10/Materials | Discovered new exit (range 8) 574 | -10/Materials | Discovered new exit (range 9) 703 | -10/Materials | Destroyed 7 combat bots 827 | -10/Materials | Discovered new exit (range 16) 982 | -10/Materials | Derelicts attacked the area 1107 | -10/Materials | Discovered new exit (range 13) 1540 | -10/Materials | Discovered new exit (range 10) 1710 | -10/Materials | Entered Mines 1711 | -10/Mines | Assembled infested the area 1716 | -10/Mines | Assisted by a Guerilla fighting off Assembled 1720 | -10/Mines | Core integrity fell below 50% 1722 | -10/Mines | Met a Derelict bent on vengeance 1760 | -10/Mines | Destroyed 15 combat bots 1760 | -10/Mines | Core integrity fell below 20% 1761 | -10/Mines | Destroyed by D-53 Grenadier with Mini Grenade Launcher Last Messages --------------- 01719_ as-23208 destroyed. 01719_ HV Slug penetrates as-22254. 01719_ as-22254 suffers critical hit (Destroy). 01719_ as-22254 knocked back. 01721_ as-29684 destroyed. 01723_ as-39210 destroyed. 01723_ Destroyed Asb. Hover Unit. 01723_ as-79306 destroyed. 01725_ J6-A99(h) destroyed. 01725_ as-22254 destroyed. 01725_ Destroyed Asb. Hover Unit. 01726_ The unstable cave ceiling collapses. 01727_ as-85759 destroyed. 01727_ Destroyed Asb. F-torch. 01727_ as-38788 destroyed. 01739_ as-67360 destroyed. [Achievement: Exterminator] 01741_ as-30347 destroyed. 01757_ Lgt. Treads destroyed. 01760_ The unstable cave ceiling collapses. Map ----- +----------------------------------------------------+ | ??????????????????????????????????? | | ??????????????????????????????????? | | ??????????????????????????????????? | | ??????????????????????????????????? | | ??????????????????????????????????? | | ????????????#?????????????????????? | | ???####???? #?????????????????????? | | ??## ???? ##????????????????????? | | ??? #??# ###??????????????????? | | ??? #?? ???????????????????? | | ???? ### ????????????????????? | | ????? ########??????????????? | | ?????# # ####?????????????? | | ????## # ##????????????? | | ????# ????????????? | | ????# = ???????????? | | ????# ] ???????????? | | ????# # ???????????? | | ????# %"???????????? | | ????# ## # %???????????? | | ?????# d #??????? ?????????????? | | ?????# d###???????????????????? | | ????## ##??????????????????? | | ???## #??????????????????? | | ??## #??????????????????? | | ??# @ #??????????????????? | | ??# ##??????????????????? | | ??## #???????????????????? | | ???#### #???????????????????? | | ??????# # ##???????????????????? | | ??????####?###????????????????????? | | ??????????????????????????????????? | | ??????????????????????????????????? | | ??????????????????????????????????? | | ??????????????????????????????????? | | ??????????????????????????????????? | | ??????????????????????????????????? | | | | | | | | | | | | | | | | | | | | | | | | | | | +----------------------------------------------------+ Best States ------------- Heat Dissipation 25 Energy Generation 14 Energy Capacity 250 Matter Stores 300 Matter Capacity 300 Sight Range 16 Terrain Scan Density 10 Evasion (%) 40 Recoil Reduction 2 Item Schematics ----------------- None Robot Schematics ------------------ None Fabricated ------------ Nothing Repaired ---------- Nothing Alien Tech Used ----------------- None Achievements -------------- Exterminator Challenges ------------ None Game ------ Seed AutogunGuidanceFrame Manual? 0 Play Time 00:11:37 Cumulative 107.9 hours Start 2025.05.21 @ 18:08:46 End 2025.05.21 @ 18:20:10 Sessions 1 Manual Loads 0 Difficulty Rogue Special Mode None Game No. 282 Rogue 282 Adventurer 0 Explorer 0 Win Type - Total 2 Types 2/0/0/0/0/0/0/0/0/0 Lore% 52 Gallery% 50 Achievement% 43 Wizard Run 0 Options --------- Layout 0 ASCII 0 Keyboard 0 Movement Numpad Keybinds 0 Fullscreen 2 Font 18/Terminus Map View 76x50 Zoom Use 0% Tactical HUD 1 Map Filters NONE Filters NONE Steam 1 RUN: 8b5fc847-0d94-42ef-86cd-91d717d9215d